 Dungeon Crawl Stone Soup version 0.24.1-11-gbbbb2193e6 (webtiles) character file.

Game seed: 5307358039985436116, levelgen mode: deterministic

4 lepoulpe303 the Shield-Bearer (level 1, 0/18 HPs)
             Began as a Formicid Fighter on May 15, 2020.
             Succumbed to a gnoll's poison
             ... on level 1 of the Dungeon.
             The game lasted 00:01:30 (305 turns).

lepoulpe303 the Shield-Bearer (Formicid Fighter)     Turns: 305, Time: 00:01:30

Health: 0/18       AC:  6    Str: 20    XL:     1   Next: 66%
Magic:  1/1        EV:  7    Int:  7    God:
Gold:   0          SH:  9    Dex: 10    Spells: 0/0 levels left

rFire    . . .     SeeInvis +   a - +0 quarterstaff
rCold    . . .     Gourm    .   c - +0 shield
rNeg     . . .     Faith    .   b - +0 scale mail
rPois    .         Spirit   .   (helmet unavailable)
rElec    .         Reflect  .   (no cloak)
rCorr    .         Harm     .   (no gloves)
MR       .....                  (no boots)
Stlth    ..........             (no amulet)
HPRegen  0.06/turn              (no ring)
MPRegen  0.07/turn              (no ring)

@: lethally poisoned (0 -> -23)
A: permanent stasis, dig shafts and tunnels, four strong arms, antennae 3
a: Dig, Shaft Self


You were on level 1 of the Dungeon.
You were not hungry.

You visited 1 branch of the dungeon, and saw 1 of its levels.

Inventory:

Hand Weapons
 a - a +0 quarterstaff (weapon)
Armour
 b - a +0 scale mail (worn)
 c - a +0 shield (worn)
Scrolls
 g - a scroll of remove curse {unknown}
Potions
 d - a potion of might
Comestibles
 e - a ration
 f - 4 chunks of flesh


   Skills:
 + Level 3.3 Fighting
 * Level 2.1 Staves
 + Level 3.3 Armour
 + Level 0.1 Dodging
 + Level 3.7 Shields


You couldn't memorise any spells.
You didn't know any spells.
Your spell library was empty.

Dungeon Overview and Level Annotations

Branches:
Dungeon (1/15)

Altars:


Innate Abilities, Weirdness & Mutations

You cannot be hasted, slowed, berserked, paralysed or teleported.
You can dig through walls and to a lower floor.
Your four strong arms can wield two-handed weapons with a shield.
You have a pair of large antennae on your head. (SInv)


Message History

MASSIVE DAMAGE!!
* * * LOW HITPOINT WARNING * * *
You feel sick. The bat hits you.
* * * LOW HITPOINT WARNING * * *
You block the gnoll's attack.
You take 3 damage, and have 9/18 hp.
* * * LOW HITPOINT WARNING * * *
You feel sick. The bat barely misses you.
You take 2 damage, and have 7/18 hp.
* * * LOW HITPOINT WARNING * * *
You feel sick. The bat hits you but does no damage.
You take 2 damage, and have 5/18 hp.
* * * LOW HITPOINT WARNING * * *
You feel sick. You block the bat's attack.
You take 2 damage, and have 3/18 hp.
* * * LOW HITPOINT WARNING * * *
You feel sick. You block the bat's attack. x2
You take 2 damage, and have 1/18 hp.
Okay, then.
You die...

#.##. #....K.# ..#.#
#....{.# #.#.# .....[.# ...#
#### #......## #..# #..
#........ ### #..#
#.########(.....# .<#
#..#####.......##......#
''###..............bg......#
....##.######...@..#.......#
≈≈≈.##.######.............##
≈≈≈.##.....##.)÷...#.####.#
....##.....##........# .#
''###......##......#..... #
..###......##......#..###
''#........##...........
....#)>....##............
######.....######.....###


You could see a gnoll and a bat.

Levels and vault maps discovered:
D:1:      lightli_arrival_lavapool, layout_basic

Notes
Turn   | Place    | Note
-------+----------+-------------------------------------------
     0 | D:1      | lepoulpe303 the Formicid Fighter began the quest for the
                  | Orb.
     0 | D:1      | Reached XP level 1. HP: 18/18 MP: 1/1
    13 | D:1      | Identified a +0 club
   229 | D:1      | lepoulpe303: !whichgod fofi
   229 | D:1      | meem: 458 recent wins for fofi: 127x Okawaru, 107x The
                  | Shining One, 48x Gozag, 35x Zin, 31x Qazlal, 18x
                  | Cheibriados, 15x Ru, 13x Uskayaw, 10x Makhleb, 9x Nemelex
                  | Xobeh, 9x Wu Jian, 8x Hepliaklqana, 6x Fedhas, 5x
                  | Yredelemnul, 3x Lugonu, 2x Dithmenos, 2x, 2x Kikubaaqudgha,
                  | 2x Ashenzari, 2x Elyvilon, Sif Muna, Vehumet, Jiyva, Trog
   243 | D:1      | Identified a +0 dagger
   296 | D:1      | Identified a +4 spear of venom
   298 | D:1      | Identified a +0 short sword
   303 | D:1      | HP: 3/18 [poisoned by a gnoll]
   304 | D:1      | HP: 1/18 [poisoned by a gnoll]
   305 | D:1      | Succumbed to a gnoll's poison

Table legend:
 A = Turns spent in this place as a percentage of turns spent in the entire game.
 B = Non-inter-level travel turns spent in this place as a percentage of non-inter-level travel turns spent in the entire game.
 C = Inter-level travel turns spent in this place as a percentage of turns spent in this place.
 D = Turns resting spent in this place as a percentage of non-inter-level travel turns spent in this place.
 E = Turns spent auto-exploring this place as a percentage of non-inter-level travel turns spent in this place.
 F = Non-inter-level travel turns spent in this place divided by the number of levels of this place that you've seen.
                   A       B       C       D       E      F
               +-------+-------+-------+-------+-------+----------------------
         Total | 100.0 | 100.0 |   0.0 |  72.8 |  10.2 | 305.0
       Dungeon | 100.0 | 100.0 |   0.0 |  72.8 |  10.2 | 305.0
               +-------+-------+-------+-------+-------+----------------------

Table legend:
 A = Kills in this place as a percentage of kills in entire the game.
 B = Kills by you in this place as a percentage of kills by you in the entire game.
 C = Kills by friends in this place as a percentage of kills by friends in the entire game.
 D = Other kills in this place as a percentage of other kills in the entire game.
 E = Experience gained in this place as a percentage of experience gained in the entire game.
 F = Experience gained in this place divided by the number of levels of this place that you have seen.
                   A       B       C       D       E      F
               +-------+-------+-------+-------+-------+----------------------
         Total | 100.0 | 100.0 |   N/A |   N/A | 100.0 |   6.0
       Dungeon | 100.0 | 100.0 |   N/A |   N/A | 100.0 |   6.0
               +-------+-------+-------+-------+-------+----------------------

Action                   || total
-------------------------++-------
Melee: Quarterstaff      ||    26
Armor: Scale mail        ||    15
Dodge: Dodged            ||    10
Block: Shield            ||    18

Vanquished Creatures
  A goblin (D:1)
  A hobgoblin (D:1)
  2 rats (D:1)
4 creatures vanquished.
